 Dungeon Crawl Stone Soup version 0.32-a0-981-g384da2ce10 (webtiles) character file.

Game seed: 6856805362214838303

1470 runemasterragnar the Shooter (level 8, -1/62 HPs)
             Began as a Coglin Hunter on Apr 20, 2024.
             Slain by a black bear (6 damage)
             ... on level 5 of the Dungeon.
             The game lasted 00:04:08 (3525 turns).

runemasterragnar the Shooter (Coglin Hunter)        Turns: 3525, Time: 00:04:08

Health: -1/62      AC:  4    Str: 13    XL:     8   Next: 78%
Magic:  8/8        EV: 13    Int:  8    God:
Gold:   156        SH:  0    Dex: 19    Spells: 7/7 levels left

rFire   . . .        a - +3 sling (heavy) {Rupprecht}
rCold   . . .        d - +0 sling (flame) {Agam}
rNeg    . . .        c - +0 leather armour
rPois   .            (no helmet)
rElec   .            k - +0 cloak
rCorr   .            (no gloves)
SInv    .            (no boots)
Will    .....        (amulet unavailable)
Stlth   +++          (ring unavailable)
HPRegen 0.30/turn    (ring unavailable)
MPRegen 0.11/turn    (no gizmo)

%: no passive effects
@: revved
A: off-hand wielding, slow wielding, warmup strikes, no jewellery
a: Invent Gizmo


You were on level 5 of the Dungeon.
You visited 1 branch of the dungeon, and saw 5 of its levels.
You also visited: Ossuary.

You collected 156 gold pieces.

Inventory:

Hand Weapons
 a - a +3 heavy sling (weapon) {Rupprecht}
 d - a +0 sling of flaming (offhand) {Agam}
Missiles
 s - a throwing net
Armour
 c - a +0 leather armour (worn)
 k - a +0 cloak (worn)
Scrolls
 b - 2 scrolls of butterflies
 e - a scroll of brand weapon
 f - a scroll of enchant armour
 g - 5 scrolls of poison
 h - a scroll of noise
 j - 6 scrolls of teleportation
 m - 2 scrolls of immolation
 t - a scroll of amnesia {unknown}
Potions
 i - 3 potions of lignification
 l - 2 potions of curing
 n - a potion of resistance {unknown}
 o - a potion of heal wounds {unknown}
 p - a potion of enlightenment {unknown}
 q - a potion of mutation {unknown}
 r - 3 potions of attraction


   Skills:
 + Level 5.0 Fighting
 * Level 7.2 Ranged Weapons
 + Level 4.5 Dodging
 + Level 4.2 Stealth


You had 7 spell levels left.
You didn't know any spells.
Your spell library contained the following spells:

 Spells                   Type           Power      Damage    Failure   Level
 Apportation              Tloc           0%         N/A       50%         1
 Necrotise                Necr           0%         1d4       50%         1
 Slow                     Hex            0%         N/A       50%         1
 Sting                    Conj/Alch      0%         1d3       50%         1
 Summon Small Mammal      Summ           0%         N/A       50%         1
 Lesser Beckoning         Tloc           0%         N/A       63%         2
 Confusing Touch          Hex            0%         N/A       86%         3
 Maxwell's Portable Pile  Tloc           0%         2d(5-13)  86%         3
 Teleport Other           Tloc           0%         N/A       86%         3
 Tukima's Dance           Hex            0%         N/A       86%         3
 Vampiric Draining        Necr           0%         2d6       86%         3
 Dimensional Bullseye     Hex/Tloc       0%         N/A       99%         4
 Iskenderun's Mystic Bla Conj/Tloc 0%             2d3        (+2d1     99%         4


Dungeon Overview and Level Annotations

Branches:
Dungeon (5/15)            Ossuary (visited)
 Temple: D:4-7

Altars:
Nemelex Xobeh
Qazlal
Sif Muna
Vehumet
Xom

Annotations:
D:4 exclusion: statue


Innate Abilities, Weirdness & Mutations

You can wield a second weapon in your off-hand.
It takes a long time for you to wield or remove held weapons.
Your first few attacks do less damage.
You cannot equip rings or amulets.


Message History

The water moccasin poisons you!
You shoot a sling bullet.
The sling bullet closely misses the water moccasin.
The sling bullet closely misses the orc.
The sling bullet hits the black bear.
The sling bullet burns the black bear.
The black bear is lightly wounded.
You shoot a sling bullet.
The sling bullet closely misses the water moccasin.
The sling bullet hits the orc!
You kill the orc!
You feel extremely sick.
The water moccasin bites you but does no damage.
The water moccasin closely misses you.
You shoot a sling bullet.
The sling bullet completely misses the water moccasin.
The sling bullet hits the black bear!
The black bear is severely wounded.
You shoot a sling bullet.
The sling bullet misses the water moccasin.
The sling bullet barely misses the black bear.
You feel very sick.
The water moccasin bites you but does no damage.
The black bear goes berserk!
The water moccasin misses you.
You shoot a sling bullet.
The sling bullet hits the water moccasin.
The sling bullet burns the water moccasin.
You kill the water moccasin!
You shoot a sling bullet.
The sling bullet closely misses the black bear.
You feel very sick.
A scorpion comes into view.
The black bear bites you!
* * * LOW HITPOINT WARNING * * *
The black bear completely misses you. The black bear claws you.
* * * LOW HITPOINT WARNING * * *
Your Fighting skill increases to level 5!
You feel better. The black bear misses you. The black bear claws you.
* * * LOW HITPOINT WARNING * * *
The black bear claws you.
You die...

####.#.#.
.# ###
#.#.#. .#
##.###.#.#
#.#...#..#
##.###.###
#.# #.#
#.# #.#
#.#
#.####.#.
#.#
#@h)s....
#.#
######.#.
#.# #.#
#.# #.##
#..# ##.#
#.#


You could see a black bear (berserk) and a scorpion.

Vanquished Creatures
  Sigmund (D:4)
  A water moccasin (D:5)
  A black bear (D:5)
  An ogre (D:4)
  A phantom (D:3)
  3 elf zombies (Ossuary)
  A gnoll sergeant (D:5)
  A howler monkey (D:5)
  5 centaur zombies (Ossuary)
  2 hounds (D:4)
  2 human zombies (Ossuary)
  Jessica (D:3)
  An iguana (D:5)
  An orc wizard (D:3)
  A crocodile zombie (Ossuary)
  3 mummies (Ossuary)
  6 gnolls
  9 adders
  3 dart slugs
  2 ribbon worms
  8 orcs
  10 endoplasms
  8 giant cockroaches
  7 goblins
  9 hobgoblins
  4 jackals (D:4)
  5 quokkas
  5 ball pythons
  11 bats
  2 frilled lizards (D:3)
  10 kobolds
  4 rats
129 creatures vanquished.

Notes
Turn   | Place    | Note
-------+----------+-------------------------------------------
     0 | D:1      | runemasterragnar the Coglin Hunter began the quest for the
                  | Orb.
     0 | D:1      | Reached XP level 1. HP: 16/16 MP: 1/1
    25 | D:1      | Reached skill level 1 in Stealth
    27 | D:1      | Reached XP level 2. HP: 22/22 MP: 2/2
   183 | D:1      | Reached skill level 4 in Ranged Weapons
   183 | D:1      | Reached XP level 3. HP: 27/27 MP: 3/3
   342 | D:1      | Found a faded altar of an unknown god.
   636 | D:2      | Reached XP level 4. HP: 34/34 MP: 4/4
  1104 | D:2      | Reached XP level 5. HP: 40/40 MP: 5/5
  1542 | D:3      | Noticed Jessica
  1549 | D:3      | Killed Jessica
  1580 | D:3      | Found a shimmering altar of Xom.
  1634 | D:3      | Found a shimmering blue altar of Sif Muna.
  1889 | D:3      | Noticed a phantom
  1899 | D:3      | Killed a phantom
  1900 | D:3      | Reached skill level 5 in Ranged Weapons
  1900 | D:3      | Reached XP level 6. HP: 41/47 MP: 6/6
  1929 | D:3      | Found a stormy altar of Qazlal.
  2283 | D:4      | Noticed Sigmund
  2292 | D:4      | Killed Sigmund
  2293 | D:4      | Reached XP level 7. HP: 49/52 MP: 7/7
  2348 | D:4      | Found a radiant altar of Vehumet.
  2385 | D:4      | Found a sand-covered staircase.
  2390 | Ossuary  | Entered an ossuary
  2528 | Ossuary  | Reached skill level 6 in Ranged Weapons
  2559 | Ossuary  | Reached XP level 8. HP: 56/60 MP: 8/8
  3340 | D:5      | Entered Level 5 of the Dungeon
  3467 | D:5      | Found a sparkling altar of Nemelex Xobeh.
  3517 | D:5      | Reached skill level 7 in Ranged Weapons
  3524 | D:5      | HP: 1/61 [black bear (3)]
  3525 | D:5      | Reached skill level 5 in Fighting
  3525 | D:5      | Slain by a black bear

Illustrated notes

Levels and vault maps discovered:
D:1:      dpeg_arrival_windows_large_door, layout_rooms,
          dilly_ecumenical_altar_fadedgnrine
D:2:      layout_loops_cross, grunt_ministairs_8
D:3:      layout_loops_cross, xom_confusion_cloud, mainiacjoe_overflow_alcove_4,
          mainiacjoe_overflow_chevrons, uniq_jessica
D:4:      layout_basic, vehumet_statue, enter_ossuary_5, uniq_sigmund
D:5:      minmay_spotlight, layout_loops_ring, okawaru_altar_gauntlet_db,
          kennysheep_mini, nicolae_overflow_hidden_temple,
          nzn_hepliaklqana_mist_gate, minmay_temple_entry_purple_smoke,
          guppyfry_early_orc_mine, uniq_ijyb

Skill      XL: |  1  2  3  4  5  6  7  8 |
---------------+-------------------------+-----
Stealth        | 1 2 3 4 |  4.2
Dodging        | 2 3 4 |  4.5
Ranged Weapons | 4 5 6 7 |  7.2
Fighting       | 3 4 5 |  5.0

Action                     |  1- 3 |  4- 6 |  7- 9 || total
---------------------------+-------+-------+-------++-------
   Fire: Sling             |   114 |   262 |   232 ||   608
    Use: Scroll            |       |     6 |     7 ||    13
         Potion            |       |       |     1 ||     1
 Armour: Leather armour    |    14 |    23 |    63 ||   100
  Dodge: Dodged            |    17 |    10 |    79 ||   106

Table legend: (Time is in decaauts)
 A = Elapsed time spent in this place.
 B = Non-inter-level travel time spent in this place.
 C = Inter-level travel time spent in this place.
 D = Time resting spent in this place.
 E = Time spent auto-exploring this place.
 F = Levels seen in this place.
 G = Mean time per level.
                   A        B        C        D        E       F      G
               +--------+--------+--------+--------+--------+-----+--------+
         Total |   3609 |   3533 |     76 |    200 |   2672 |   6 |  601.5 |
       Dungeon |   3298 |   3222 |     76 |    200 |   2468 |   5 |  659.6 |
       Ossuary |    310 |    310 |      0 |      0 |    204 |   1 |  310.0 |
               +--------+--------+--------+--------+--------+-----+--------+

Top non-repeatable levels by time:
     D:2: 938 daAuts
     D:4: 790 daAuts
     D:3: 788 daAuts
     D:1: 586 daAuts
 Ossuary: 310 daAuts
     D:5: 195 daAuts
